[Event "Titled Tuesday Blitz November 2 2021"]
[White "Zhigalko, Sergei"]
[Black "Martinez Alcantara, Jose Eduardo"]
[WhiteFideId "13502956"]
[BlackFideId "3805662"]
[WhiteElo "2662"]
[BlackElo "2690"]
[Result "1-0"]
[Round "06"]
[TimeControl "180+1"]
[Date "2021.11.02"]
[WhiteClock "0:00:05"]
[BlackClock "0:00:06"]

1. e4 c5 2. Nf3 d6 3. d4 cxd4 4. Qxd4 Nf6 5. Nc3 a6 6. Bc4 e6 7. Bf4 Nc6 8. Qd3 Ng4 9. Rd1 Qb6 10. O-O Nge5 11. Nxe5 Nxe5 12. Bxe5 dxe5 13. Bb3 Be7 14. Qg3 Bf6 15. Ba4+ Kf8 16. Kh1 Qc7 17. f4 b5 18. Bb3 exf4 19. Rxf4 Be5 20. Qg5 f6 21. Rf3 b4 22. Ne2 a5 23. Qg4 Ra6 24. Ba4 Rd6 25. Rdf1 Bd7 26. Qh5 Bxa4 27. Qxe5 Rc6 28. Rxf6+ Ke8 29. Rxe6+ Kd8 30. Qxc7+ Rxc7 31. Rd6+ Kc8 32. Nd4 Re8 33. g3 Rxe4 34. Kg1 Kb7 35. b3 Bd7 36. Rf4 Re1+ 37. Rf1 Rd1 38. Rxd1 Bg4 39. Rd2 Rf7 40. Kg2 h5 41. h3 Bd7 42. Rf2 Re7 43. Nf5 Rf7 44. Nd4 Re7 45. Rd5 Be8 46. Rxa5 Kb6 47. Rg5 Rd7 48. Rd2 Kb7 49. h4 Bf7 50. Kf2 g6 51. Nf3 Rc7 52. Re5 Be8 53. Re4 Bb5 54. Rxb4 Kb6 55. a4 1-0


[Site "https://www.chess.com"]

[Event "Titled Tuesday Blitz November 2 2021"]
[White "Abdrlauf, Elham"]
[Black "Aditya Mittal"]
[WhiteFideId "1533533"]
[BlackFideId "35042025"]
[WhiteElo "2362"]
[BlackElo "2245"]
[Result "1-0"]
[Round "07"]
[TimeControl "180+1"]
[Date "2021.11.02"]
[WhiteClock "0:00:08"]
[BlackClock "0:00:06"]

1. e4 c5 2. Ne2 d6 3. g3 Nf6 4. Bg2 g6 5. O-O Bg7 6. c3 e5 7. d4 cxd4 8. cxd4 exd4 9. Nxd4 O-O 10. Nc3 Bg4 11. f3 Bd7 12. Be3 a6 13. Qd2 Nc6 14. Rfd1 Ne5 15. b3 Rc8 16. Rac1 b5 17. Nde2 b4 18. Nd5 Nxd5 19. Rxc8 Qxc8 20. Qxd5 Qc2 21. Qd2 Rc8 22. Qxc2 Rxc2 23. Rd2 Rxd2 24. Bxd2 Bb5 25. Nd4 Nc4 26. Nxb5 Nxd2 27. Nxd6 Bd4+ 28. Kh1 Nb1 29. Bf1 a5 30. Nc4 a4 31. bxa4 Nc3 32. Na5 Nxa2 33. Nb3 Be3 34. Bc4 Nc1 35. Na1 Bd4 36. Nc2 Bc5 37. Na1 Bd4 38. Nc2 Bc5 39. Ne1 b3 40. Nd3 Bd4 41. a5 b2 42. Nxb2 Bxb2 43. a6 Bd4 44. Kg2 Kf8 45. Kf1 Ke7 46. Ke1 f6 47. Kd2 Kd6 48. Kxc1 Kc7 49. Kc2 Kb6 50. Kd3 Bg1 51. h3 Bh2 52. g4 Be5 53. Kc2 h5 54. Kb3 hxg4 55. fxg4 g5 56. Ka4 Bd6 57. Bd3 Be7 58. Kb3 Bd6 59. Bb5 Bc5 60. Kc4 Bd6 61. Kd5 Be5 62. Bf1 Bc3 63. Ke6 Bb2 64. Kf5 Ba1 65. Kg6 Be5 66. Kf7 Bd4 67. Ke6 Be5 68. h4 gxh4 69. g5 fxg5 70. Kxe5 g4 71. Kf4 h3 72. Kxg4 h2 73. Bg2 Kxa6 74. Kg3 Kb6 75. Kxh2 Kc7 76. Kg3 Kd6 77. Kf4 1-0


[Site "https://www.chess.com"]

[Event "Titled Tuesday Blitz November 2 2021"]
[White "Babazada, Khazar"]
[Black "Jobava, Baadur"]
[WhiteFideId "13413554"]
[BlackFideId "13601520"]
[WhiteElo "2302"]
[BlackElo "2731"]
[Result "1-0"]
[Round "07"]
[TimeControl "180+1"]
[Date "2021.11.02"]
[WhiteClock "0:00:19"]
[BlackClock "0:00:02"]

1. e4 e5 2. Nf3 Nc6 3. Bb5 a6 4. Ba4 b5 5. Bb3 Na5 6. O-O d6 7. d4 exd4 8. Nxd4 Bb7 9. Qe1 Nxb3 10. Nxb3 Rb8 11. Nc3 Be7 12. e5 Nh6 13. Bxh6 gxh6 14. Rd1 Rg8 15. f3 Kf8 16. Nd5 Bh4 17. Qe4 c6 18. Nf4 d5 19. Qf5 Bc8 20. Qh5 Qg5 21. Qxg5 hxg5 22. Nd3 g4 23. f4 Bd8 24. f5 Bb6+ 25. Kh1 Rg5 26. e6 Rb7 27. Rde1 Re7 28. Nbc5 g3 29. h3 fxe6 30. fxe6+ Kg7 31. Rf3 Rg6 32. Ree3 Bxe6 33. Rxg3 Rxg3 34. Rxg3+ Kf8 35. Rf3+ Bf7 36. b4 a5 37. a3 axb4 38. axb4 Ke8 39. Rf6 Rc7 40. Ne5 Ra7 41. g4 Bg6 42. Rxc6 Bxc5 43. Rxc5 Ra2 44. Nxg6 hxg6 45. Rxd5 Rxc2 46. Rxb5 Ke7 47. Rb6 g5 48. Rg6 Rc1+ 49. Kg2 Rc2+ 50. Kg1 Rc1+ 51. Kf2 Rc2+ 52. Ke3 Rc3+ 53. Kd4 Rxh3 54. Rxg5 Rg3 55. Kc4 Kf6 56. Rf5+ Ke6 57. Rf4 Kd6 58. b5 Rg1 59. Rf6+ Ke5 60. Rg6 1-0


[Site "https://www.chess.com"]

[Event "Titled Tuesday Blitz November 2 2021"]
[White "Balabayeva, Xeniya"]
[Black "Matinian, Nikita"]
[WhiteFideId "13719688"]
[BlackFideId "24129100"]
[WhiteElo "1965"]
[BlackElo "2464"]
[Result "0-1"]
[Round "07"]
[TimeControl "180+1"]
[Date "2021.11.02"]
[WhiteClock "0:00:03"]
[BlackClock "0:00:36"]

1. e4 e5 2. Nf3 Nc6 3. Bb5 a6 4. Ba4 Nf6 5. O-O Be7 6. Bxc6 dxc6 7. d3 Nd7 8. Nbd2 b5 9. Re1 O-O 10. Nf1 c5 11. Ng3 Bd6 12. a4 bxa4 13. Rxa4 Nb6 14. Ra1 c4 15. h3 cxd3 16. Qxd3 Be6 17. b3 Bb4 18. Rd1 Qxd3 19. Rxd3 f6 20. Bd2 a5 21. Rd1 Rfd8 22. Bxb4 Rxd3 23. Rxd3 axb4 24. Kf1 Ra2 25. Ne1 Kf7 26. Ke2 g6 27. Re3 c5 28. Kd1 c4 29. bxc4 Nxc4 30. Rf3 Na3 31. Nf1 Ra1+ 32. Kd2 Nb1+ 33. Kd3 Nc3 34. Re3 Ra7 35. Kd2 Ra1 36. Kd3 Ke7 37. Nd2 Ra7 38. Rg3 Ra1 39. Nef3 Ra3 40. Nc4 Bxc4+ 41. Kxc4 Nxe4 42. Rg4 f5 43. Rh4 Rc3+ 44. Kxb4 Rxc2 45. Rxh7+ Kf6 46. Rb7 Rb2+ 0-1


[Site "https://www.chess.com"]

[Event "Titled Tuesday Blitz November 2 2021"]
[White "Borsuk, Konstantin"]
[Black "Hansen, Eric"]
[WhiteFideId "14113406"]
[BlackFideId "2606771"]
[WhiteElo "2397"]
[BlackElo "2568"]
[Result "0-1"]
[Round "07"]
[TimeControl "180+1"]
[Date "2021.11.02"]
[WhiteClock "0:00:20"]
[BlackClock "0:00:36"]

1. d4 Nf6 2. c4 e6 3. Nf3 d5 4. Nbd2 c5 5. cxd5 exd5 6. dxc5 Bxc5 7. Nb3 Bb6 8. Bg5 Bxf2+ 9. Kxf2 Ne4+ 10. Kg1 Nxg5 11. Qd4 Ne6 12. Qf2 Nc6 13. h4 O-O 14. h5 h6 15. Rh4 a5 16. Rd1 a4 17. Nbd4 a3 18. b3 Qf6 19. e3 Rd8 20. Bd3 Nc5 21. Bb1 Ne6 22. Qg3 Nexd4 23. Nxd4 Qe5 24. Qf2 Re8 25. Qc2 Qxe3+ 26. Kh1 Nxd4 27. Qh7+ Kf8 28. Rhxd4 Be6 29. Rb4 Qe5 30. Rxb7 Qxh5+ 31. Kg1 Qxd1+ 32. Kh2 Qh5+ 33. Kg1 Bd7 34. Rxd7 Re1+ 35. Kf2 Qe2+ 36. Kg3 Qe5+ 37. Kg4 Qg5+ 38. Kf3 Re3+ 0-1


[Site "https://www.chess.com"]

[Event "Titled Tuesday Blitz November 2 2021"]
[White "Demidov, Mikhail"]
[Black "Kalashian, David"]
[WhiteFideId "4197143"]
[BlackFideId "13302418"]
[WhiteElo "2527"]
[BlackElo "2490"]
[Result "1-0"]
[Round "07"]
[TimeControl "180+1"]
[Date "2021.11.02"]
[WhiteClock "0:01:07"]
[BlackClock "0:00:13"]

1. Nf3 Nf6 2. g3 g6 3. b3 Bg7 4. Bb2 O-O 5. Bg2 d6 6. d4 c6 7. O-O Bg4 8. h3 Bxf3 9. Bxf3 Nbd7 10. Bg2 Qc7 11. e3 Rac8 12. c4 Rfd8 13. Nc3 a6 14. Rc1 Qb8 15. Qe2 b5 16. Rfd1 Nb6 17. Ba1 bxc4 18. bxc4 c5 19. Rb1 cxd4 20. Na4 Nfd7 21. exd4 Qc7 22. Nxb6 Nxb6 23. Rdc1 e6 24. c5 dxc5 25. dxc5 Nd5 26. Bxg7 Kxg7 27. Qxa6 Ra8 28. Qe2 Ra5 29. c6 Rda8 30. Rb7 Rxa2 31. Qxa2 Rxa2 32. Bxd5 Qa5 33. Bxa2 1-0


[Site "https://www.chess.com"]

[Event "Titled Tuesday Blitz November 2 2021"]
[White "Wagner, Dinara"]
[Black "Sanchez Alvares, Kelvin Antonio"]
[WhiteFideId "24157570"]
[BlackFideId "3906680"]
[WhiteElo "2216"]
[BlackElo "2193"]
[Result "0-1"]
[Round "07"]
[TimeControl "180+1"]
[Date "2021.11.02"]
[WhiteClock "0:00:17"]
[BlackClock "0:00:11"]

1. d4 Nf6 2. c4 c5 3. d5 e6 4. Nc3 exd5 5. cxd5 d6 6. Nf3 g6 7. g3 Bg7 8. Bg2 O-O 9. O-O Re8 10. Bf4 Ne4 11. Nxe4 Rxe4 12. Nd2 Rb4 13. Ne4 f5 14. Ng5 Bxb2 15. Rb1 Na6 16. Ne6 Qe7 17. Qd2 Bf6 18. h4 Bd7 19. h5 b5 20. hxg6 hxg6 21. a3 Rxb1 22. Rxb1 b4 23. axb4 Nxb4 24. Bf3 a5 25. Kg2 a4 26. Rh1 a3 27. Bxd6 Qxd6 28. Qh6 Bxe6 29. Qxg6+ Bg7 30. dxe6 Ra7 31. Qe8+ Qf8 32. Qh5 Qd6 33. Qh7+ Kf8 34. Qxf5+ Ke8 35. Bh5+ Kd8 36. Qg5+ Qe7 37. Qf5 Kc8 38. Rc1 Rc7 39. Qe4 Kb8 40. Bf3 Ra7 41. Rd1 a2 42. Rd7 a1=Q 43. Rxe7 Rxe7 44. Qf4+ Qe5 45. Qh4 Qf6 46. Qe4 Ra7 47. Qe3 Qe7 48. Qe4 Na6 49. Qf4+ Nc7 50. Qh4 Kc8 51. Qg4 Qf6 52. Qh5 Kd8 53. Qh7 Qe7 54. Qg8+ Ne8 55. Qh7 Qxe6 56. Qd3+ Qd7 57. Qc4 Rc7 58. Qf4 Qd6 59. Qh4+ Qf6 60. Qc4 Rd7 61. Qb5 Nd6 62. Qb8+ Ke7 63. Qg8 Ne8 64. Qc4 Qe6 65. Qh4+ Bf6 66. Qh7+ Qf7 67. Qf5 Rd6 68. Qxc5 Kf8 69. Qb5 Qd7 70. Qc5 Kg7 71. Qh5 Qf7 72. Qc5 Qe7 73. Qc4 Rd4 74. Qb5 Nd6 75. Qb1 Nf7 76. Qb8 Ne5 77. Qb5 Nxf3 78. exf3 Rd6 79. Qf5 Qe5 80. Qg4+ Qg5 81. Qc8 Rd8 82. Qc7+ Be7 83. Qc6 Qf6 84. Qc7 Rf8 85. Qb7 Rf7 86. Qe4 Bd6 87. Qg4+ Qg6 88. Qc4 Kg8 89. Qd4 Qf6 90. Qc4 Qxf3+ 91. Kh3 Qxf2 92. Qg4+ Kf8 93. Qc8+ Kg7 94. Qg4+ Kh8 95. Qc8+ Bf8 96. Qe6 Rh7+ 97. Kg4 Qf7 98. Qe5+ Qg7+ 99. Qxg7+ Rxg7+ 100. Kf5 Bd6 101. Kf6 Bxg3 102. Ke6 Bb8 103. Kf5 Rc7 104. Ke6 Kg7 105. Kd6 Kf7 106. Kd5 Ke7 107. Ke5 Rc5+ 108. Kd4 Kd6 109. Ke4 Re5+ 110. Kf4 Ke6 111. Kg4 Kf6 112. Kf4 Ba7 113. Kf3 Kf5 114. Kg3 Re4 115. Kh3 Rg4 116. Kh2 Kf4 117. Kh1 Kf3 118. Kh2 Kf2 119. Kh3 Re4 120. Kh2 Rh4# 0-1


[Site "https://www.chess.com"]

[Event "Titled Tuesday Blitz November 2 2021"]
[White "Dzhaparov, Medet"]
[Black "Mirzoev, Azer"]
[WhiteFideId "13803689"]
[BlackFideId "13400304"]
[WhiteElo "1702"]
[BlackElo "2525"]
[Result "1/2-1/2"]
[Round "07"]
[TimeControl "180+1"]
[Date "2021.11.02"]
[WhiteClock "0:00:04"]
[BlackClock "0:00:14"]

1. d4 c6 2. c4 d5 3. Nc3 Nf6 4. cxd5 cxd5 5. Nf3 Nc6 6. Bf4 Ne4 7. e3 Nxc3 8. bxc3 e6 9. Bd3 Bd6 10. O-O Bxf4 11. exf4 O-O 12. h4 h6 13. h5 Bd7 14. Qe2 Rc8 15. Rac1 Re8 16. g4 f5 17. g5 Qc7 18. Qe3 Kh7 19. Kh1 Rg8 20. Nh4 a6 21. Rg1 Rcf8 22. Rg3 Qd8 23. Rcg1 Ne7 24. gxh6 gxh6 25. Qe5 Rxg3 26. fxg3 Rg8 27. g4 Nc6 28. Qe1 Qf6 29. Ng6 Be8 30. gxf5 exf5 31. Qb1 Bxg6 32. hxg6+ Kh8 33. Bxf5 Qh4+ 34. Kg2 Qxf4 35. Qd3 Ne7 36. Rf1 Qg5+ 37. Kh2 Rf8 38. Bh3 Rxf1 39. Qxf1 Nxg6 40. Qf7 b5 41. Qe8+ Kg7 42. Qd7+ Ne7 43. Qe6 Qf6 44. Qe5 Qxe5+ 45. dxe5 Nc6 46. Bc8 a5 47. Bb7 Nxe5 48. Bxd5 Kf6 49. Kg3 Kf5 50. a3 Nd3 51. Kf3 Ke5 52. Bc6 Nc5 53. Bxb5 Kd5 54. Ke3 Ke5 55. Be2 Ne4 56. c4 Nc5 57. Bf3 Ne6 58. Be2 Nc5 59. Bf3 Na4 60. Be2 Nb6 61. c5 Nd5+ 62. Kd2 Kd4 63. c6 Kc5 64. Bf3 Kxc6 65. Kd3 Kc5 66. Ke4 Nc3+ 67. Kf5 Nb5 68. a4 Na3 69. Bd1 Kb4 70. Kg6 Nc4 71. Kxh6 Nb2 72. Bg4 Nxa4 73. Kg5 Nc3 74. Kf4 a4 75. Ke3 Nd5+ 76. Kd2 a3 77. Kc1 Kc3 78. Kb1 Nb4 79. Be6 Nc2 80. Ka2 Kb4 81. Bf5 Nd4 82. Bd3 Nb5 83. Bxb5 Kxb5 84. Kxa3 1/2-1/2


[Site "https://www.chess.com"]

[Event "Titled Tuesday Blitz November 2 2021"]
[White "Gaehwiler, Gabriel"]
[Black "Narayanan.S.L"]
[WhiteFideId "1314530"]
[BlackFideId "5058422"]
[WhiteElo "2320"]
[BlackElo "2570"]
[Result "0-1"]
[Round "07"]
[TimeControl "180+1"]
[Date "2021.11.02"]
[WhiteClock "0:00:01"]
[BlackClock "0:01:47"]

1. d4 d5 2. c4 c6 3. Nf3 Nf6 4. Nc3 a6 5. g3 g6 6. Bg2 Bg7 7. O-O O-O 8. b3 Bg4 9. a4 Ne4 10. Bb2 Nxc3 11. Bxc3 Nd7 12. cxd5 cxd5 13. Ne1 Nf6 14. a5 h5 15. Nd3 h4 16. Nc5 hxg3 17. hxg3 Rb8 18. Qd3 Bd7 19. Rfc1 Bb5 20. Qf3 e6 21. Bb4 Re8 22. Rd1 Nd7 23. Nxd7 Qxd7 24. Bc5 Rbc8 25. Rac1 Qd8 26. Bb6 Qg5 27. Bc5 Bxd4 28. b4 Bxc5 29. bxc5 Rc7 30. e4 dxe4 31. Qxe4 Bc6 32. Qd4 Rec8 33. Rc3 Bxg2 34. Kxg2 Rxc5 35. Rh1 Qd5+ 36. Qxd5 exd5 37. Rb3 R8c7 38. Re3 Rxa5 39. Re8+ Kg7 40. g4 d4 41. Rhh8 Rd5 42. f4 Kf6 43. Kf3 d3 44. g5+ Kf5 45. Rh1 d2 46. Rd1 Rc3+ 47. Ke2 Kxf4 0-1


[Site "https://www.chess.com"]

[Event "Titled Tuesday Blitz November 2 2021"]
[White "Goltsev, Dmitry"]
[Black "Skatchkov, Valery"]
[WhiteFideId "24176710"]
[BlackFideId "24195812"]
[WhiteElo "2334"]
[BlackElo "2195"]
[Result "0-1"]
[Round "07"]
[TimeControl "180+1"]
[Date "2021.11.02"]
[WhiteClock "0:02:05"]
[BlackClock "0:00:56"]

1. e4 e5 2. Nf3 d5 3. exd5 e4 4. Nd4 Qxd5 5. Nb3 Qe5 6. Nc3 Nf6 7. Be2 Bd6 8. d4 exd3 9. Qxd3 O-O 10. Be3 Bf5 11. Qd2 Nc6 12. Nd4 Bb4 13. a3 Ne4 14. Qd3 Nxc3 15. Qxf5 Nxe2+ 16. axb4 Nexd4 17. Qxe5 Nxc2+ 18. Kd2 Nxe5 19. Kxc2 a6 20. Bf4 Nc6 21. Bxc7 Rac8 22. Bd6 Rfd8 23. Rad1 Nd4+ 24. Kb1 Rxd6 25. Rhe1 Kf8 26. Re4 Nb5 27. Rde1 Rd7 28. Re5 Rcd8 29. Ka2 f6 30. Re6 Nd4 31. R6e4 Nc6 32. g4 Rd4 33. Ka3 Rxe4 34. Rxe4 Rd3+ 35. Ka4 b5# 0-1


[Site "https://www.chess.com"]

[Event "Titled Tuesday Blitz November 2 2021"]
[White "Golubev, Mikhail"]
[Black "Wagner, Dennis"]
[WhiteFideId "14100983"]
[BlackFideId "24650684"]
[WhiteElo "2374"]
[BlackElo "2355"]
[Result "0-1"]
[Round "07"]
[TimeControl "180+1"]
[Date "2021.11.02"]
[WhiteClock "0:00:01"]
[BlackClock "0:00:41"]

1. e4 c5 2. Nf3 d6 3. d4 cxd4 4. Nxd4 Nf6 5. Nc3 a6 6. Bc4 e6 7. O-O b5 8. Bb3 Bb7 9. Re1 Nbd7 10. a4 b4 11. Nd5 Rc8 12. Bg5 h6 13. Bxf6 Nxf6 14. Nxf6+ Qxf6 15. a5 Be7 16. Ba4+ Kf8 17. Re3 Qe5 18. Bb3 Bf6 19. Nf3 Qc5 20. c3 bxc3 21. bxc3 g6 22. Nd4 Ke7 23. Rb1 Rc7 24. Qd2 Bg5 25. Rc1 e5 26. Nf3 Bxe3 27. fxe3 Bxe4 28. Nd4 Rb8 0-1


[Site "https://www.chess.com"]

[Event "Titled Tuesday Blitz November 2 2021"]
[White "Harshavardhan G B"]
[Black "Yeletsky, Ivan"]
[WhiteFideId "25059009"]
[BlackFideId "24180327"]
[WhiteElo "1825"]
[BlackElo "2352"]
[Result "0-1"]
[Round "07"]
[TimeControl "180+1"]
[Date "2021.11.02"]
[WhiteClock "0:00:07"]
[BlackClock "0:00:30"]

1. e4 c6 2. d4 d5 3. exd5 cxd5 4. c4 Nf6 5. Nc3 g6 6. cxd5 Nxd5 7. Qb3 e6 8. Bc4 Nb6 9. Bb5+ Nc6 10. Nf3 Bg7 11. Be3 O-O 12. Rd1 Ne7 13. h4 h6 14. h5 g5 15. Bd3 Nf5 16. Ne4 Nd5 17. Bb1 Qa5+ 18. Kf1 Bd7 19. g4 Ba4 20. Qa3 Bb5+ 21. Kg1 Qxa3 22. bxa3 Nfxe3 23. fxe3 Nxe3 24. Re1 Nxg4 25. Kg2 Bc6 26. Kg3 Nf6 27. Ne5 Bxe4 28. Bxe4 Rad8 29. Bxb7 Rxd4 30. Bf3 Ra4 31. Re3 Nd5 32. Bxd5 exd5 33. Nc6 Bf6 34. Rf1 Kg7 35. Rd3 Rc8 36. Nb4 Rc3 37. Rxc3 Bxc3 38. Nxd5 Be5+ 39. Kg2 Rxa3 40. Rf2 Rg3+ 41. Kf1 Rh3 42. Re2 Rh1+ 43. Kg2 Rh2+ 44. Kf1 Rxe2 45. Kxe2 f5 46. Kf3 Kf7 47. Nb4 g4+ 48. Ke3 Ke6 49. Nc6 a6 50. Nd8+ Kd5 51. Nf7 f4+ 52. Ke2 f3+ 53. Ke3 Bd4+ 54. Kd2 g3 55. Nxh6 g2 56. Nf5 g1=Q 57. Nxd4 Kxd4 58. h6 Qe3+ 59. Kc2 Qxh6 60. Kb3 f2 61. Ka4 Qc6+ 62. Ka5 Qb5# 0-1


[Site "https://www.chess.com"]

[Event "Titled Tuesday Blitz November 2 2021"]
[White "Holt, Conrad"]
[Black "Provotorov, Ivan"]
[WhiteFideId "2034387"]
[BlackFideId "4154657"]
[WhiteElo "2586"]
[BlackElo "2291"]
[Result "1-0"]
[Round "07"]
[TimeControl "180+1"]
[Date "2021.11.02"]
[WhiteClock "0:00:49"]
[BlackClock "0:00:07"]

1. d4 d5 2. c4 c6 3. Nc3 Nf6 4. e3 Bf5 5. cxd5 cxd5 6. Qb3 Qd7 7. Nf3 Nc6 8. Ne5 Qc7 9. Bd2 e6 10. Rc1 Be7 11. Bb5 O-O 12. Na4 Ne4 13. Bxc6 Nxd2 14. Qxb7 Qa5 15. Qxe7 Nf3+ 16. Ke2 Nxe5 17. dxe5 Qa6+ 18. Kf3 Rac8 19. Qb7 Qd3 20. Nc5 1-0


[Site "https://www.chess.com"]

[Event "Titled Tuesday Blitz November 2 2021"]
[White "Khanin, Semen"]
[Black "Alavkin, Arseny"]
[WhiteFideId "4111990"]
[BlackFideId "4120612"]
[WhiteElo "2436"]
[BlackElo "2391"]
[Result "1/2-1/2"]
[Round "07"]
[TimeControl "180+1"]
[Date "2021.11.02"]
[WhiteClock "0:00:03"]
[BlackClock "0:00:05"]

1. c4 Nf6 2. Nc3 e5 3. g3 d5 4. cxd5 Nxd5 5. Bg2 Nb6 6. Nf3 Nc6 7. O-O Be7 8. a3 O-O 9. b4 Be6 10. d3 a5 11. b5 Nd4 12. Rb1 f6 13. e3 Nxf3+ 14. Bxf3 c6 15. bxc6 bxc6 16. Bxc6 Rc8 17. Qf3 f5 18. Bb2 e4 19. Nxe4 fxe4 20. Qxe4 Bf5 21. Qe5 Bf6 22. Qxf5 Rxc6 23. Bxf6 Rcxf6 24. Qe4 Nd5 25. Rb7 Kh8 26. d4 Qd6 27. Qg4 Ne7 28. e4 Qxd4 29. Rd7 Qe5 30. Qe2 Nc6 31. f4 Qc5+ 32. Kh1 Re8 33. Qd3 h6 34. Rd5 Qb6 35. e5 Rff8 36. Re1 Ne7 37. Rd7 Nf5 38. Re2 Qc6+ 39. Kg1 Qb6+ 40. Kg2 a4 41. Rd5 Qc6 42. Qf3 Qc4 43. Qd3 Qc6 44. Qe4 Qa6 45. Rd3 Re7 46. Rf3 Ree8 47. Rd3 Qb6 48. Qd5 Qa6 49. Qe4 1/2-1/2


[Site "https://www.chess.com"]

[Event "Titled Tuesday Blitz November 2 2021"]
[White "Kovalenko, Igor"]
[Black "Nazaretyan, Tigran"]
[WhiteFideId "14117908"]
[BlackFideId "24162345"]
[WhiteElo "2629"]
[BlackElo "2187"]
[Result "1-0"]
[Round "07"]
[TimeControl "180+1"]
[Date "2021.11.02"]
[WhiteClock "0:01:00"]
[BlackClock "0:00:30"]

1. e4 c5 2. Nf3 Nc6 3. Bb5 g6 4. Bxc6 dxc6 5. h3 Bg7 6. O-O Nf6 7. Qe2 O-O 8. a3 a5 9. d3 Qc7 10. Be3 b6 11. Nbd2 Nd7 12. Rab1 a4 13. Ne1 Ba6 14. f4 f5 15. e5 Rad8 16. Nef3 Bh6 17. h4 Rfe8 18. h5 Nf8 19. hxg6 hxg6 20. Kf2 Ne6 21. g3 Kg7 22. Rh1 Rh8 23. Rbg1 Rh7 24. g4 fxg4 25. Rxg4 Rf8 26. Rhg1 Nxf4 27. Bxf4 Bxf4 28. Qe4 g5 29. Rxf4 Rxf4 30. Rxg5+ Kh8 31. Qxf4 Qd8 32. Ne4 Bc8 33. Rg3 c4 34. d4 c3 35. Nxc3 c5 36. d5 b5 37. e6 Rh5 38. Ng5 Bxe6 39. Qe5+ Kg8 40. Nxe6+ Kf7 41. Qxh5+ 1-0


[Site "https://www.chess.com"]

[Event "Titled Tuesday Blitz November 2 2021"]
[White "Lazavik, Denis"]
[Black "Kim, Sergey"]
[WhiteFideId "13515110"]
[BlackFideId "13700570"]
[WhiteElo "2436"]
[BlackElo "2590"]
[Result "1-0"]
[Round "07"]
[TimeControl "180+1"]
[Date "2021.11.02"]
[WhiteClock "0:00:23"]
[BlackClock "0:00:31"]

1. d4 Nf6 2. c4 g6 3. g3 Bg7 4. Bg2 d6 5. Nc3 O-O 6. Nf3 Nbd7 7. O-O e5 8. e4 exd4 9. Nxd4 Re8 10. h3 Nc5 11. Re1 c6 12. Qc2 a5 13. Be3 a4 14. Rad1 Qa5 15. Bf4 Bf8 16. Nf3 Re6 17. Ng5 Re5 18. Bxe5 dxe5 19. Qe2 h6 20. Nf3 Ne6 21. a3 Nd7 22. h4 h5 23. Bh3 Nf6 24. Kg2 Bc5 25. Nxe5 Nd4 26. Qd2 Bxh3+ 27. Kxh3 Re8 28. f4 Nb3 29. Qd3 Bd4 30. Nf3 Ng4 31. Re2 Bc5 32. e5 Nf2+ 33. Rxf2 Bxf2 34. Ne4 Nc5 35. Nf6+ Kh8 36. Qe2 Rd8 37. Rxd8+ Qxd8 38. Qxf2 Nd3 39. Qd2 b5 40. cxb5 cxb5 41. Kh2 Kg7 42. Ne1 1-0


[Site "https://www.chess.com"]

[Event "Titled Tuesday Blitz November 2 2021"]
[White "Le, Tuan Minh"]
[Black "Nakamura, Hikaru"]
[WhiteFideId "12401153"]
[BlackFideId "2016192"]
[WhiteElo "2450"]
[BlackElo "2884"]
[Result "0-1"]
[Round "07"]
[TimeControl "180+1"]
[Date "2021.11.02"]
[WhiteClock "0:00:01"]
[BlackClock "0:00:09"]

1. d4 f5 2. Nc3 Nf6 3. Bg5 d5 4. Bxf6 exf6 5. e3 c6 6. Bd3 Be6 7. Qf3 g6 8. Nge2 Bd6 9. h4 h5 10. Nf4 Bf7 11. O-O-O Nd7 12. Kb1 Qc7 13. g3 O-O-O 14. Nce2 a5 15. Nc1 a4 16. a3 Kb8 17. Qe2 Qb6 18. Ka1 Rhe8 19. Qd2 c5 20. c3 Qc6 21. Qe2 c4 22. Bc2 Nb6 23. Na2 Bc7 24. Qd2 Bd6 25. Qe2 Re7 26. Qd2 Nc8 27. Nb4 Qb5 28. Rdg1 Rde8 29. Qd1 Nb6 30. Qd2 Kc8 31. Qd1 Kd8 32. Qd2 Kc7 33. Qd1 Ra8 34. Qd2 Bxb4 35. cxb4 Nc8 36. Ne2 Qc6 37. Nc3 b5 38. f3 Nd6 39. g4 fxg4 40. fxg4 hxg4 41. Rxg4 f5 42. Rg3 Rae8 43. Qf2 Kb7 44. Qf4 Qd7 45. Rhg1 Qe6 46. Re1 Rh8 47. Bd1 Ne4 48. Nxb5 Nxg3 49. Qxg3 Ra8 50. Nc3 Qd7 51. Qg5 Ree8 52. b5 Qe7 53. Qg2 Qd6 54. Bf3 Rad8 55. Qd2 Ra8 56. Qg2 Rad8 57. Qd2 Ra8 58. Qf2 Kb6 59. Qc2 Re7 60. Qg2 Rd7 61. Qg5 Qe7 62. Qg3 Qd6 63. Qf2 Re7 64. Qd2 Rea7 65. Bg2 Re8 66. Qf2 Rae7 67. Ka2 Ra7 68. Ka1 Rae7 69. Qd2 Ra7 70. Rf1 Ree7 71. Rf4 Re8 72. h5 Ree7 73. hxg6 Qxg6 74. Bxd5 Qg1+ 75. Ka2 Qxe3 76. Qxe3 Rxe3 77. Bxf7 Rxc3 78. Rxf5 Rc1 79. Be8 c3 80. Rf6+ Ka5 81. bxc3 Rc2+ 82. Kb1 Rxc3 83. Kb2 Rc8 84. Ka2 Rxe8 85. Kb2 Re3 86. b6 Rb3+ 0-1


[Site "https://www.chess.com"]

[Event "Titled Tuesday Blitz November 2 2021"]
[White "Lovkov, Roman"]
[Black "Mezentsev, Ivan"]
[WhiteFideId "4157389"]
[BlackFideId "13706195"]
[WhiteElo "2371"]
[BlackElo "2295"]
[Result "1-0"]
[Round "07"]
[TimeControl "180+1"]
[Date "2021.11.02"]
[WhiteClock "0:01:59"]
[BlackClock "0:01:47"]

1. e4 c5 2. d4 cxd4 3. c3 d3 4. Bxd3 Nc6 5. c4 Nf6 6. Nc3 g6 7. Nf3 Bg7 8. h3 d6 9. Be3 O-O 10. O-O Nd7 11. Rc1 a5 12. Qd2 Nc5 13. Bb1 Re8 14. Nd5 b6 15. Bh6 Bh8 16. Ng5 e6 17. Nc3 Nd4 18. f4 Bb7 19. f5 Re7 20. f6 1-0


[Site "https://www.chess.com"]

[Event "Titled Tuesday Blitz November 2 2021"]
[White "Martinez Alcantara, Jose Eduardo"]
[Black "Mikhailovsky, Vladimir"]
[WhiteFideId "3805662"]
[BlackFideId "34105414"]
[WhiteElo "2690"]
[BlackElo "2402"]
[Result "1-0"]
[Round "07"]
[TimeControl "180+1"]
[Date "2021.11.02"]
[WhiteClock "0:00:09"]
[BlackClock "0:00:02"]

1. e4 c6 2. d4 d5 3. e5 Bf5 4. h4 h5 5. Bd3 Bxd3 6. Qxd3 e6 7. Nf3 Qa5+ 8. Nbd2 Qa6 9. c4 Nd7 10. O-O Nb6 11. b3 Ne7 12. a4 Nf5 13. Ba3 Bxa3 14. Rxa3 Rd8 15. Qc3 dxc4 16. bxc4 O-O 17. a5 Nd7 18. Ne4 c5 19. d5 exd5 20. cxd5 Qg6 21. Neg5 Nxh4 22. Nxh4 Qxg5 23. Nf3 Qf5 24. Qb2 b6 25. axb6 axb6 26. Ra7 Rfe8 27. Re1 Nf8 28. e6 Nxe6 29. dxe6 Rxe6 30. Rxe6 Qxe6 31. Qb1 Qf6 32. Rb7 g6 33. Rxb6 Rd1+ 34. Qxd1 Qxb6 35. Qd5 Qb1+ 36. Kh2 Qc1 37. g3 Qc2 38. Kg2 c4 39. Ne5 Qf5 40. Qd4 c3 41. Qxc3 Qe4+ 42. Kg1 Qb1+ 43. Kh2 Qf5 44. Qe3 Kg7 45. Nf3 Kg8 46. Ng5 Kg7 47. Nh3 Kg8 48. Nf4 Kg7 49. Qe8 h4 50. Qe2 hxg3+ 51. fxg3 g5 52. Nh3 f6 53. Nf2 Kg6 54. Ng4 Kg7 55. Qe7+ Kg6 56. Qe8+ Kg7 57. Qe2 Kg6 58. Qd1 Kg7 59. Qd4 Kg6 60. Nf2 Kg7 61. g4 Qe6 62. Kg3 Kg6 63. Ne4 Kg7 64. Kf3 Kg6 65. Ng3 Kg7 66. Nf5+ Kg6 67. Qd3 Qc6+ 68. Kg3 Qc7+ 69. Kg2 Qf4 70. Ne3+ Kg7 71. Qd7+ Kg6 72. Qe8+ Kg7 73. Nf5+ Qxf5 74. gxf5 1-0


[Site "https://www.chess.com"]

[Event "Titled Tuesday Blitz November 2 2021"]
[White "Nesterov, Arseniy"]
[Black "Ovchinnikov, Vsevolod"]
[WhiteFideId "24198455"]
[BlackFideId "24176842"]
[WhiteElo "2494"]
[BlackElo "2376"]
[Result "1-0"]
[Round "07"]
[TimeControl "180+1"]
[Date "2021.11.02"]
[WhiteClock "0:00:09"]
[BlackClock "0:00:07"]

1. d4 Nf6 2. c4 g6 3. Nc3 d5 4. cxd5 Nxd5 5. e4 Nxc3 6. bxc3 Bg7 7. Qa4+ c6 8. Nf3 O-O 9. Be2 Bg4 10. O-O Nd7 11. Bg5 h6 12. Bh4 Re8 13. h3 Bxf3 14. Bxf3 Qc7 15. e5 e6 16. Rab1 a6 17. Qc2 Rab8 18. Qe4 Qa5 19. Rb3 Bf8 20. Rfb1 Qc7 21. Bg3 Rec8 22. h4 b5 23. h5 g5 24. Be2 c5 25. Bd3 Bg7 26. Qh7+ Kf8 27. Be4 cxd4 28. cxd4 Qc4 29. Rd1 Qe2 30. Rbd3 Rc4 31. Bf3 Qc2 32. d5 Nc5 33. dxe6 Nxe6 34. Be4 Qa4 35. Bd5 Rd4 36. Bxe6 Qxd1+ 37. Rxd1 Rxd1+ 38. Kh2 fxe6 39. Qg6 Re8 40. f4 gxf4 41. Bxf4 Rd5 42. Bxh6 Bxh6 43. Qxh6+ Ke7 44. Qg7+ Kd8 45. h6 Rd7 46. Qf6+ Kc7 47. g4 Ree7 48. g5 Rf7 49. Qxe6 Rfe7 50. Qf6 Rf7 51. Qxa6 Rf2+ 52. Kg3 Rfd2 53. Qa7+ Kc6 54. Qa6+ Kc5 55. Qa3+ b4 56. Qa5+ Kc4 57. Qa6+ Kc3 58. g6 R2d3+ 59. Qxd3+ Rxd3+ 60. Kg4 Rd1 61. h7 Rh1 62. g7 Rxh7 63. g8=Q Rc7 64. Qb3+ Kd4 65. Qxb4+ Kxe5 66. Qf4+ 1-0


[Site "https://www.chess.com"]